 Dungeon Crawl Stone Soup version 0.28-a0-706-gf6f64a616a (webtiles) character file.

Game seed: 14487391617755962940

551 oldriver the Magician (level 7, -1/46 HPs)
             Began as a Djinni Ice Elementalist on Oct 25, 2021.
             Slain by an elf zombie (3 damage)
             ... in an ossuary.
             The game lasted 00:08:20 (7048 turns).

oldriver the Magician (Djinni Ice Elementalist)     Turns: 7048, Time: 00:08:21

Health: -1/46      AC:  3    Str:  7    XL:     7   Next: 54%
Gold:   159        EV: 12    Int: 19    God:
                   SH:  0    Dex: 13

rFire   + + .      SeeInvis .   j - +3 quarterstaff (chaos)
rCold   x . .      Faith    .   (shield currently unavailable)
rNeg    . . .      Spirit   .   a - +0 robe
rPois   ∞          Reflect  .   (no helmet)
rElec   .          Harm     .   k - +0 cloak
rCorr   .          Rampage  .   (no gloves)
Will    .....                   (boots unavailable)
Stlth   ++........              (no amulet)
HPRegen 0.15/turn               (no ring)
MPRegen 0.00/turn               (no ring)

@: flying
A: sickness immunity, fire resistance 2, cold vulnerability 1, float, innate
caster, hp casting, extra vitality 1
a: no special abilities


You were in an ossuary.
You visited 2 branches of the dungeon, and saw 6 of its levels.
You also visited: Ossuary.

You collected 159 gold pieces.

Inventory:

Hand Weapons
 j - a +3 quarterstaff of chaos (weapon)
Armour
 a - a +0 robe (worn)
 k - a +0 cloak (worn)
Jewellery
 q - a +4 ring of protection
Scrolls
 c - a scroll of noise {unknown}
 d - 9 scrolls of identify {unknown}
 f - a scroll of enchant weapon {unknown}
 g - a scroll of vulnerability {unknown}
 i - a scroll of fog {unknown}
 l - a scroll of brand weapon {unknown}
 m - a scroll of teleportation {unknown}
 o - 2 scrolls of enchant armour {unknown}
 r - a scroll of blinking {unknown}
Potions
 b - 2 potions of invisibility
 e - a potion of lignification {unknown}
 h - a potion of ambrosia {unknown}
 n - a potion of attraction
 p - a potion of resistance
 s - a potion of flight {unknown}


   Skills:
 + Level 0.7 Fighting
 + Level 0.1 Staves
 + Level 2.6 Dodging
 + Level 2.4 Stealth
 + Level 0.3 Unarmed Combat
 * Level 6.2 Spellcasting


You had 2 spell levels left.
You knew the following spells:

 Your Spells              Type           Power      Damage    Failure   Level
a - Freeze                Ice            100%       1d11      1%          1
b - Frozen Ramparts       Ice            58%        1d7       2%          3
c - Ozocubu's Armour      Ice            29%        N/A       2%          3
d - Hailstorm             Conj/Ice       29%        3d8       9%          4
e - Pain                  Necr           100%       1d9       1%          1
f - Scorch                Fire           58%        2d8       1%          2
g - Ensorcelled Hibernat  Hex/Ice        58%        N/A       1%          2
Your spell library was empty.

Dungeon Overview and Level Annotations

Branches:
Dungeon (5/15)             Temple (1/1) D:4         Ossuary (1/1)

Altars:
Ashenzari
Elyvilon
Fedhas
Gozag
Hepliaklqana
Makhleb
Okawaru
Qazlal
Ru
Sif Muna
Trog
Xom
Yredelemnul
The Shining One


Innate Abilities, Weirdness & Mutations

You are immune to sickness and miasma.
You are immune to poison.
Your flesh is very heat resistant. (rF++)
You are vulnerable to cold. (rC-)
You float through the air rather than walking.
You learn spells naturally, not from books.
Your magical power is your life essence.
You have superior vitality. (+4 HP)


Message History

The rat zombie is almost destroyed.
The elf zombie is no longer more vulnerable to fire.
The kobold zombie closely misses you.
Casting: Scorch (safe; 1% risk of failure)
Confirm with . or Enter, or press ? or * to list all spells.
Flames lash the kobold zombie.
You destroy the kobold zombie!
Casting: Scorch (safe; 1% risk of failure)
Confirm with . or Enter, or press ? or * to list all spells.
Flames lash the rat zombie.
The rat zombie is burned terribly!
You destroy the rat zombie!
The elf zombie hits you.
* * * LOW HITPOINT WARNING * * *
Casting: Scorch (safe; 1% risk of failure)
Confirm with . or Enter, or press ? or * to list all spells.
Flames lash the elf zombie.
The elf zombie is heavily damaged.
The elf zombie's fire resistance burns away.
* * * LOW HITPOINT WARNING * * *
Casting: Scorch (safe; 1% risk of failure)
Confirm with . or Enter, or press ? or * to list all spells.
Flames lash the elf zombie.
The elf zombie is burned terribly!
The elf zombie is heavily damaged.
* * * LOW HITPOINT WARNING * * *
The elf zombie misses you.
Unknown command.
Casting: Scorch (safe; 1% risk of failure)
Confirm with . or Enter, or press ? or * to list all spells.
Flames lash the elf zombie.
The elf zombie is burned terribly!
The elf zombie is severely damaged.
* * * LOW HITPOINT WARNING * * *
The elf zombie hits you.
* * * LOW HITPOINT WARNING * * *
Casting: Scorch (safe; 1% risk of failure)
Confirm with . or Enter, or press ? or * to list all spells.
Flames lash the elf zombie.
The elf zombie is burned terribly!
The elf zombie is severely damaged.
* * * LOW HITPOINT WARNING * * *
The elf zombie hits you.
You die...

######################
#.........∩∩.........#
#....................#
#...##############...#
#...# #...#.. #...#
#...# ####...#. #...#
#...# .......Z####...#
#...# #.∩.@...#...#
#...# #.......#...#
#...# #.......#...#
#...#.####.......#...#
#...#............#...#
#...#.####^.####.#...#
#...# #^.#..#.#...#
#...# #.^#....#...#
#...######..######...#


You could see an elf zombie (combustible).

Vanquished Creatures
  Sigmund (D:3)
  An ogre (D:5)
  A black bear (D:4)
  Crazy Yiuf (D:2)
  Natasha (thrice) (D:3)
  2 mummies (Ossuary)
  An ufetubus (D:5)
  An adder zombie (Ossuary)
  3 worms
  2 dart slugs
  An orc (D:3)
  4 endoplasms
  2 giant cockroaches
  2 hobgoblins
  2 quokkas
  6 ball pythons
  6 bats
  2 frilled lizards
  5 goblins
  12 hobgoblin zombies (Ossuary)
  2 jackal zombies (Ossuary)
  A kobold (D:1)
  9 kobold zombies (Ossuary)
  7 orc zombies (Ossuary)
  6 rats
  5 rat zombies (Ossuary)
88 creatures vanquished.

Notes
Turn   | Place    | Note
-------+----------+-------------------------------------------
     0 | D:1      | oldriver the Djinni Ice Elementalist began the quest for
                  | the Orb.
     0 | D:1      | Reached XP level 1. HP: 15/15 MP: 0/0
   124 | D:1      | Found a faded altar of an unknown god.
   419 | D:1      | Reached XP level 2. HP: 18/21 MP: 0/0
  1510 | D:2      | Found a white marble altar of Elyvilon.
  1597 | D:2      | Reached XP level 3. HP: 23/25 MP: 0/0
  1597 | D:2      | Learned a level 1 spell: Pain
  2529 | D:2      | Found a runed translucent door.
  2530 | D:2      | Noticed Crazy Yiuf
  2911 | D:2      | Killed Crazy Yiuf
  2912 | D:2      | Reached skill level 4 in Spellcasting
  2912 | D:2      | Reached XP level 4. HP: 8/31 MP: 0/0
  3471 | D:3      | Noticed Natasha
  3477 | D:3      | Killed Natasha
  3845 | D:3      | Reached XP level 5. HP: 17/36 MP: 0/0
  3845 | D:3      | Learned a level 2 spell: Scorch
  4355 | D:3      | Noticed Natasha
  4362 | D:3      | Killed Natasha
  4756 | D:3      | Noticed Natasha
  4763 | D:3      | Killed Natasha
  4997 | D:3      | Noticed Sigmund
  5024 | D:3      | Killed Sigmund
  5025 | D:3      | Reached skill level 5 in Spellcasting
  5025 | D:3      | Reached XP level 6. HP: 1/41 MP: 0/0
  5502 | D:4      | Found a blossoming altar of Fedhas.
  5502 | D:4      | Found a basalt altar of Yredelemnul.
  5742 | D:4      | Found a staircase to the Ecumenical Temple.
  5879 | D:4      | Noticed a black bear
  5886 | D:4      | Killed a black bear
  5887 | D:4      | Reached XP level 7. HP: 27/46 MP: 0/0
  5887 | D:4      | Learned a level 2 spell: Ensorcelled Hibernation
  6027 | Temple   | Entered the Ecumenical Temple
  6159 | D:5      | Entered Level 5 of the Dungeon
  6189 | D:5      | Found a sand-covered staircase.
  6207 | D:5      | Reached skill level 6 in Spellcasting
  6214 | Ossuary  | Entered an ossuary
  7048 | Ossuary  | Slain by an elf zombie

Illustrated notes

Levels and vault maps discovered:
D:1:      dpeg_arrival_rhombus, layout_loops_ring,
          hellmonk_ecumenical_altar_crossroads, minmay_stone_trees_medium,
          hangedman_decor_lopped
D:2:      layout_loops_ring, basic_altar, uniq_crazy_yiuf_cottage
D:3:      layout_basic, uniq_sigmund, uniq_natasha
D:4:      layout_loops_ring, grunt_temple_overflow_open, temple_statues
D:5:      layout_loops_corners, general_overflow_altar,
          nicolae_ossuary_entry_plus, item_on_display_a
Temple:   eino_narrow_crystal_temple
Ossuary:  ossuary_tomb_1

Skill      XL: |  1  2  3  4  5  6  7 |
---------------+----------------------+-----
Stealth        | 2 |  2.4
Spellcasting   | 4 5 6 |  6.2
Fighting       | |  0.7
Staves         | |  0.1
Dodging        | |  2.6
Unarmed Combat | |  0.3

Action                   |  1- 3 |  4- 6 |  7- 9 || total
-------------------------+-------+-------+-------++-------
Melee: Unarmed           |     6 |       |       ||     6
       Quarterstaff      |       |     8 |       ||     8
 Cast: Freeze            |    53 |    41 |       ||    94
       Pain              |       |    18 |       ||    18
       Scorch            |       |     2 |    66 ||    68
       Ozocubu's Armour  |       |     2 |       ||     2
       Hailstorm         |       |       |     1 ||     1
  Use: Potion            |       |     5 |       ||     5
Armor: Robe              |    15 |     3 |     3 ||    21
Dodge: Dodged            |    27 |    26 |    11 ||    64

Table legend: (Time is in decaauts)
 A = Elapsed time spent in this place.
 B = Non-inter-level travel time spent in this place.
 C = Inter-level travel time spent in this place.
 D = Time resting spent in this place.
 E = Time spent auto-exploring this place.
 F = Levels seen in this place.
 G = Mean time per level.
                   A        B        C        D        E       F      G
               +--------+--------+--------+--------+--------+-----+--------+
         Total |   7048 |   6889 |    159 |   2816 |   3520 |   7 | 1006.9 |
       Dungeon |   6123 |   5975 |    148 |   2592 |   2955 |   5 | 1224.6 |
        Temple |     91 |     81 |     10 |      0 |     72 |   1 |   91.0 |
       Ossuary |    833 |    833 |      0 |    224 |    493 |   1 |  833.0 |
               +--------+--------+--------+--------+--------+-----+--------+

Top non-repeatable levels by time:
     D:3: 2319 daAuts
     D:2: 1742 daAuts
     D:1: 1442 daAuts
 Ossuary: 833 daAuts
     D:4: 565 daAuts
  Temple: 91 daAuts
     D:5: 54 daAuts
